 Dungeon Crawl Stone Soup version 0.30.0-2-g1aa4bd4387 (webtiles) character file.

Game seed: 6943822599813322024

145 Eitelfritz the Chopper (level 5, -9/47 HPs)
             Began as a Hill Orc Fighter on May 7, 2023.
             Mangled by an ogre
             ... wielding a +0 giant spiked club
              (23 damage)
             ... on level 4 of the Dungeon.
             The game lasted 00:04:42 (2366 turns).

Eitelfritz the Chopper (Hill Orc Fighter)           Turns: 2366, Time: 00:04:42

Health: -9/47      AC:  7    Str: 21    XL:     5   Next: 27%
Magic:  5/5        EV:  9    Int:  8    God:
Gold:   75         SH:  4    Dex: 10    Spells: 4/4 levels left

rFire   . . .        a - +0 war axe
rCold   . . .        c - +0 buckler
rNeg    . . .        b - +0 scale mail
rPois   .            (no helmet)
rElec   .            (no cloak)
rCorr   .            (no gloves)
SInv    .            (no boots)
Will    .....        (no amulet) Stlth
                     (no ring)
HPRegen 0.27/turn    (no ring)
MPRegen 0.09/turn

%: no passive effects
@: mighty
A: no striking features
a: no special abilities


You were on level 4 of the Dungeon.
You visited 1 branch of the dungeon, and saw 4 of its levels.

You collected 171 gold pieces.
You spent 96 gold pieces at shops.

Inventory:

Hand Weapons
 a - a +0 war axe (weapon)
Missiles
 r - 6 poisoned darts (quivered)
 u - 2 boomerangs
Armour
 b - a +0 scale mail (worn)
 c - a +0 buckler (worn)
 y - a +0 pair of boots
Scrolls
 g - 3 scrolls of fog {unknown}
 h - a scroll of immolation {unknown}
 l - a scroll of fear {unknown}
 m - a scroll of vulnerability {unknown}
 n - 2 scrolls of magic mapping {unknown}
 p - 3 scrolls of noise {unknown}
 q - 2 scrolls of teleportation {unknown}
 t - a scroll of enchant armour {unknown}
 v - a scroll of torment {unknown}
 w - a scroll of amnesia {unknown}
Potions
 e - a potion of berserk rage
 i - 2 potions of curing {unknown}
 j - 2 potions of haste {unknown}
 k - 2 potions of brilliance {unknown}
 o - a potion of heal wounds {unknown}
 s - a potion of magic {unknown}
 x - a potion of resistance {unknown}


   Skills:
 + Level 4.4 Fighting
 + Level 4.7 Axes
 + Level 4.4 Armour
 + Level 0.8 Dodging
 + Level 0.1 Stealth
 + Level 3.6 Shields


You had 4 spell levels left.
You didn't know any spells.
Your spell library contained the following spells:

 Spells                   Type           Power      Damage    Failure   Level
 Simulacrum               Ice/Necr       0%         N/A       100%        6
 Ozocubu's Refrigeration  Ice            0%         4d7       100%        7
 Polar Vortex             Ice            0%         N/A       100%        9


Dungeon Overview and Level Annotations

Branches:
Dungeon (4/15)
 Temple: D:4-7

Altars:

Shops:
D:1 :   D:2 *


Message History

The giant cockroach bites you.
You barely miss the giant cockroach. The giant cockroach closely misses you.
You slash the giant cockroach!
You kill the giant cockroach!
The ball python closely misses you. You block the ball python's attack.
Throw: 7 darts (poison)
Press: ? - help, Q - select action, (/) - cycle Shift-Dir - straight line, f - ogre
Aim: an ogre, wielding a +0 giant spiked club (73% to hit)
You throw a poisoned dart. The poisoned dart hits the ball python.
The ball python is poisoned.
The ball python closely misses you. The ball python grabs you.
The ball python constricts you.
Unknown command.
You closely miss the ball python.
The ball python is severely wounded.
The ball python bites you but does no damage.
The ball python constricts you. The ball python bites you.
The ball python constricts you.
Unknown command.
You slash the ball python!
You kill the ball python!
You slash the ogre!
The ogre is heavily wounded.
The ogre hits you with a +0 giant spiked club!!
Unknown command.
You feel very mighty all of a sudden.
The ogre hits you with a +0 giant spiked club!
* * * LOW HITPOINT WARNING * * *
You closely miss the ogre.
The ogre is heavily wounded.
You block the ogre's attack.
You barely miss the ogre.
The ogre is heavily wounded.
You block the ogre's attack.
You hit the ogre.
The ogre is heavily wounded.
You slash the ogre!
The ogre is almost dead.
The ogre hits you with a +0 giant spiked club!!
You die...

#.##...###.##.....
##########☼.○.°............
#........○○..☼.○...........
#.########.°..°.###5##....
#.# #.○....# #.# . #.#
####.☼○...# #5# #.#
#..°°☼.#### #.#
##.#####.##.#..5####.#
#........##@###...##.#
#..########O# ###..#.###.#
#..# ####5###....5.....#
#..# #...5##.5.........#
#..#
#...#.☼5.O#............
#..#
#.##.#°#.#.##.......###
#..##. #.○.###.⌠.##......#
#... ##.# #.#.####$......
##.. ## #.#.#.# #.....#.


You could see an ogre and 3 lemures.

Vanquished Creatures
  2 orc priests
  An orc wizard (D:3)
  A worm (D:3)
  A dart slug (D:1)
  4 orcs
  7 bats
  5 endoplasms
  2 giant cockroaches
  7 goblins
  2 hobgoblins (D:2)
  2 jackals (D:1)
  2 quokkas
  3 ball pythons
  5 frilled lizards
  4 kobolds (D:2)
  5 rats
53 creatures vanquished.

Notes
Turn   | Place    | Note
-------+----------+-------------------------------------------
     0 | D:1      | Eitelfritz the Hill Orc Fighter began the quest for the
                  | Orb.
     0 | D:1      | Reached XP level 1. HP: 19/19 MP: 1/1
    58 | D:1      | Found a faded altar of an unknown god.
   156 | D:1      | Reached XP level 2. HP: 27/27 MP: 2/2
   524 | D:1      | Found Deonae Neuja's Book Boutique.
   639 | D:1      | Reached XP level 3. HP: 33/33 MP: 3/3
   870 | D:2      | Reached XP level 4. HP: 11/40 MP: 4/4
  1124 | D:2      | Found Kumebuf's Assorted Antiques.
  1128 | D:2      | Bought a sedimented brown potion for 18 gold pieces
  1128 | D:2      | Bought a scroll labelled NOICRUU PODDI for 20 gold pieces
  1128 | D:2      | Bought a glowing white potion for 18 gold pieces
  1128 | D:2      | Bought a scroll labelled IWOUFUCZYO for 20 gold pieces
  1765 | D:2      | Bought a scroll labelled YCRONEWISA for 20 gold pieces
  1950 | D:3      | Reached XP level 5. HP: 5/47 MP: 5/5
  2285 | D:3      | You fall into a shaft and drop 1 floor!
  2325 | D:4      | Noticed a lemure
  2325 | D:4      | Noticed a lemure
  2325 | D:4      | Noticed a lemure
  2339 | D:4      | Noticed an ogre
  2366 | D:4      | Mangled by an ogre

Illustrated notes

Levels and vault maps discovered:
D:1:      dpeg_arrival_ternary, layout_basic, serial_shops,
          nicolae_shop_tiny_glass, hellmonk_ecumenical_altar_lost_god
D:2:      layout_basic, serial_shops, nicolae_shop_back_alley_shop,
          grunt_ministairs_14, kennysheep_cross_room
D:3:      layout_basic, tgw_xom, nicolae_uskayaw_suspiria, serial_shops,
          nicolae_square_shop, uniq_ijyb
D:4:      minmay_chambers_of_fours, layout_basic, elyvilon_altar_4,
          minmay_temple_entry_mist, grunt_decor_mini_mirrors,
          uniq_blork_the_orc, uniq_pikel, uniq_crazy_yiuf_cottage, uniq_edmund,
          uniq_eustachio

Skill      XL: |  1  2  3  4 |
---------------+-------------+-----
Fighting       | 4 |  4.4
Axes           | 3 4 |  4.7
Armour         | 4 |  4.4
Dodging        | |  0.8
Stealth        | |  0.1
Shields        | |  3.6

Action                     |  1- 3 |  4- 6 || total
---------------------------+-------+-------++-------
  Melee: War axe           |    65 |   104 ||   169
  Throw: Dart              |       |     1 ||     1
    Use: Potion            |       |     3 ||     3
         Scroll            |       |     1 ||     1
 Armour: Scale mail        |    42 |    40 ||    82
  Dodge: Dodged            |    42 |    39 ||    81
  Block: Buckler           |    22 |    18 ||    40
